 Dungeon Crawl Stone Soup version 0.30.1-11-g7821555f0a (webtiles) character file.

Game seed: 12710668501746406355

3913 lonewolfV2 the Nimble (level 10, -16/83 HPs)
             Began as a Formicid Fighter on Nov 5, 2023.
             Was a Priest of Qazlal.
             Demolished by a two-headed ogre
             ... wielding the +10 dark maul {heavy}
              (43 damage)
             ... on level 8 of the Dungeon.
             The game lasted 00:12:16 (7191 turns).

lonewolfV2 the Nimble (Formicid Fighter)            Turns: 7191, Time: 00:12:16

Health: -16/83     AC: 14    Str: 25    XL:     10   Next: 43%
Magic:  6/15       EV: 13    Int:  6    God:    Qazlal [***...]
Gold:   513        SH: 12    Dex: 23    Spells: 9/9 levels left

rFire   . . .        n - +3 scythe (protect)
rCold   . . .        c - +1 buckler
rNeg    . . .        f - +0 plate armour
rPois   .            (helmet unavailable)
rElec   .            (no cloak)
rCorr   .            j - +0 pair of gloves
SInv    +            (no boots)
Will    +....        (no amulet) Stlth
                     l - ring of flight
HPRegen 0.33/turn    o - +6 ring of dexterity
MPRegen 0.14/turn

%: no passive effects
@: mighty, flying
A: permanent stasis, dig shafts and tunnels, antennae 3, four strong arms,
iridescent scales 1, agile 1, wild magic 1
a: Dig, Shaft Self, Renounce Religion, Upheaval, Elemental Force


You were on level 8 of the Dungeon.
You worshipped Qazlal.
Qazlal was most pleased with you.
You visited 1 branch of the dungeon, and saw 8 of its levels.
You also visited: Ossuary.

You collected 513 gold pieces.

Inventory:

Hand Weapons
 a - a +2 war axe of venom
 n - a +3 scythe of protection (weapon)
Missiles
 x - a throwing net
Armour
 c - a +1 buckler (worn)
 f - a +0 plate armour (worn)
 j - a +0 pair of gloves (worn)
Jewellery
 l - a ring of flight (left hand)
 o - a +6 ring of dexterity (right hand)
Wands
 p - a wand of acid (9)
 v - a wand of iceblast (12)
Scrolls
 t - a scroll of magic mapping {unknown}
 u - 2 scrolls of torment
 y - a scroll of identify
Potions
 b - a potion of cancellation
 d - a potion of might
 e - 4 potions of brilliance
 g - a potion of invisibility
 h - 2 potions of heal wounds
 i - 2 potions of curing
 k - a potion of resistance
 m - a potion of berserk rage
 q - a potion of degeneration
 r - 2 potions of attraction
 s - a potion of haste
 w - 2 potions of flight
 z - a potion of ambrosia


   Skills:
 + Level 9.0 Fighting
 - Level 2.0 Axes
 - Level 3.2 Armour
 * Level 9.8 Dodging
 - Level 4.0 Shields
 + Level 7.0 Invocations


You had 9 spell levels left.
You didn't know any spells.
Your spell library contained the following spells:

 Spells                   Type           Power      Damage    Failure   Level
 Kiss of Death            Conj/Necr      0%         2d5       100%        1
 Slow                     Hex            0%         N/A       100%        1
 Ensorcelled Hibernation  Hex/Ice        0%         N/A       100%        2
 Confusing Touch          Hex            0%         N/A       100%        3
 Inner Flame              Hex/Fire       0%         N/A       100%        3
 Spider Form              Tmut/Pois      0%         N/A       100%        3
 Vampiric Draining        Necr           0%         2d6       100%        3
 Anguish                  Hex/Necr       0%         N/A       100%        4
 Dispel Undead            Necr           0%         3d6       100%        4
 Flame Wave               Conj/Fire      0%         2d4       100%        4
 Sticky Flame             Conj/Fire      0%         2d3       100%        4


Dungeon Overview and Level Annotations

Branches:
Dungeon (8/15)             Temple (0/1) D:5         Ossuary (visited)
   Lair: D:8-11

Altars:
Hepliaklqana
Makhleb
Qazlal
Ru
Wu Jian
Zin

Shops:
D:6 (


Innate Abilities, Weirdness & Mutations

You cannot be hasted, slowed, berserked, paralysed or teleported.
You can dig through walls and to a lower floor.
You have a pair of large antennae on your head. (SInv)
Your four strong arms can wield two-handed weapons with a shield.
You are partially covered in iridescent scales. (AC +2)
You are agile. (Dex +4, Str/Int -1)
Your spells are a little harder to cast, but a little more powerful.


Message History

Press: ? - help, Dir - look around, f - activate Clouds arounds you coalesce and take form!
You block the two-headed ogre's attack. x2
Your water elemental hits the two-headed ogre!
Aiming: Upheaval
Press: ? - help, Dir - move target, f - two-headed ogre
Aim: a two-headed ogre, wielding the +10 dark maul {heavy} and a +0 giant spiked club (ally target) That beam is likely to hit you.
Continue anyway?
The ground shakes violently, spewing rubble!
The blast of rubble hits the two-headed ogre!
The two-headed ogre is moderately wounded.
The blast of rubble hits you but does no damage.
The blast of rubble hits the two-headed ogre!!
You kill the two-headed ogre!
Qazlal accepts your kill.
The storm surrounding you is now too weak to repel missiles.
You will no longer adapt resistances upon receiving elemental damage.
The two-headed ogre completely misses you.
The two-headed ogre hits you with a +0 giant spiked club!!
* * * LOW HITPOINT WARNING * * *
You block the two-headed ogre's attack. The two-headed ogre closely misses you.
Your Fighting skill increases to level 9!
Your Invocations skill increases to level 7!
You feel much better.
Your fire elemental closely misses the two-headed ogre.
Your water elemental hits the two-headed ogre.
Aiming: Iceblast
Press: ? - help, Q - select action, (/) - cycle Shift-Dir - straight line, f - you, p - two-headed ogre That beam is likely to hit you.
Continue anyway?
The mass of ice explodes!
The iceblast engulfs you!
The iceblast engulfs the two-headed ogre!
The two-headed ogre is heavily wounded.
The iceblast engulfs the two-headed ogre!
The two-headed ogre is severely wounded.
Your fire elemental hits the two-headed ogre.
Your fire elemental burns the two-headed ogre!
The two-headed ogre barely misses you. You block the two-headed ogre's attack.
The two-headed ogre hits you with the +10 dark maul {heavy}!!!
Ouch! That really hurt!
You die...

#........
#...#.#..
#........
#...#.#..
#........
#..○.....
#EE......
#O#######.
#@O.......
#○........
#''###########
#...(.....'..#
#.........'..##
############..####
#.# ##..##. #..#
##..[. #..# ##...


You could see 2 two-headed ogres, a friendly water elemental (summoned) and a
friendly fire elemental (summoned).

Vanquished Creatures
  A two-headed ogre (D:8)
  A cyclops (D:8)
  Sigmund (D:3)
  A wyvern (D:8)
  Menkaure (D:7)
  A water moccasin (D:7)
  3 sky beasts
  An ogre (D:5)
  2 black bears
  A phantom (D:5)
  2 elf zombies (Ossuary)
  A kobold brigand (D:7)
  A bullfrog (D:8)
  A necrophage (D:7)
  A scorpion (D:6)
  7 wights (D:8)
  2 howler monkeys (D:8)
  2 centaur zombies (Ossuary)
  2 human zombies (Ossuary)
  3 hounds
  6 orc priests
  2 jellies
  2 sleepcaps (D:5)
  4 iguanas
  3 orc wizards
  A hound skeleton (D:7)
  2 mummies (Ossuary)
  4 gnolls
  8 adders
  An adder zombie (Ossuary)
  2 worms (D:3)
  4 dart slugs
  21 orcs
  5 bats
  2 endoplasms
  2 giant cockroaches (D:1)
  12 goblins
  13 hobgoblins
  7 jackals
  15 kobolds
  6 quokkas
  8 ball pythons
  4 frilled lizards
  A goblin zombie (Ossuary)
  5 hobgoblin zombies (Ossuary)
  A jackal zombie (Ossuary)
  10 kobold zombies (Ossuary)
  11 orc zombies (Ossuary)
  8 rats
  A rat zombie (Ossuary)
  A spectral orc (D:6)
207 creatures vanquished.

Notes
Turn   | Place    | Note
-------+----------+-------------------------------------------
     0 | D:1      | lonewolfV2 the Formicid Fighter began the quest for the
                  | Orb.
     0 | D:1      | Reached XP level 1. HP: 18/18 MP: 1/1
   115 | D:1      | Reached skill level 1 in Dodging
   115 | D:1      | Reached XP level 2. HP: 24/24 MP: 2/2
   238 | D:1      | Reached XP level 3. HP: 30/30 MP: 3/3
   789 | D:2      | Reached XP level 4. HP: 32/37 MP: 4/4
  1621 | D:3      | Found an ornate altar of the Wu Jian Council.
  1725 | D:3      | Reached XP level 5. HP: 42/42 MP: 5/5
  2004 | D:3      | Noticed Sigmund
  2017 | D:3      | Killed Sigmund
  2018 | D:3      | Reached skill level 5 in Fighting
  2018 | D:3      | Reached XP level 6. HP: 46/51 MP: 6/6
  2480 | D:4      | Found a stormy altar of Qazlal.
  2500 | D:4      | Became a worshipper of Qazlal Stormbringer
  3176 | D:5      | Entered Level 5 of the Dungeon
  3368 | D:5      | Reached XP level 7. HP: 56/56 MP: 7/7
  3384 | D:5      | Gained mutation: Your spells are a little harder to cast,
                  | but a little more powerful. [potion of mutation]
  3384 | D:5      | Gained mutation: You are agile. (Dex +4, Str/Int -1)
                  | [potion of mutation]
  3384 | D:5      | Gained mutation: You are partially covered in iridescent
                  | scales. (AC +2) [potion of mutation]
  3407 | D:5      | Reached skill level 5 in Dodging
  3530 | D:5      | Found a staircase to the Ecumenical Temple.
  3777 | D:5      | Reached * piety under Qazlal
  4010 | D:6      | Found a sand-covered staircase.
  4018 | Ossuary  | Entered an ossuary
  4098 | Ossuary  | Reached XP level 8. HP: 64/64 MP: 8/8
  4120 | Ossuary  | Reached skill level 1 in Invocations
  4132 | Ossuary  | Reached ** piety under Qazlal
  4553 | D:6      | Reached XP level 9. HP: 71/72 MP: 11/11
  4569 | D:6      | Found Hasoar's Weapon Emporium.
  4597 | D:6      | Found a sacrificial altar of Ru.
  4760 | D:6      | Found a hazy altar of Hepliaklqana.
  5029 | D:7      | Reached *** piety under Qazlal
  5112 | D:7      | Noticed Menkaure
  5122 | D:7      | Killed Menkaure
  5611 | D:7      | Reached skill level 5 in Invocations
  6024 | D:7      | Found a burning altar of Makhleb.
  6379 | D:8      | Reached **** piety under Qazlal
  6414 | D:8      | Reached XP level 10. HP: 64/80 MP: 14/14
  6753 | D:8      | Found a glowing silver altar of Zin.
  6901 | D:8      | Noticed a cyclops
  6916 | D:8      | Killed a cyclops
  7180 | D:8      | Noticed a two-headed ogre
  7181 | D:8      | Noticed a two-headed ogre
  7182 | D:8      | Noticed a two-headed ogre
  7189 | D:8      | Killed a two-headed ogre
  7191 | D:8      | Demolished by a two-headed ogre

Illustrated notes

Levels and vault maps discovered:
D:1:      lemuel_arrival_river_ford, layout_rooms, nicolae_titane
D:2:      layout_basic, st_stairs_1
D:3:      layout_loops_corners, mainiacjoe_overflow_boulevard,
          minmay_shallow_snake_nest, uniq_sigmund
D:4:      layout_basic, old_standard_altar, chequers_serial_rivers_large_a
D:5:      nicolae_cairo_tiling_very_big, layout_gridville,
          minmay_temple_entry_glass, kennysheep_generic_room_10
D:6:      layout_rooms, nicolae_hepliaklqana_monster_ancestors,
          kennysheep_mini_moat, enter_ossuary_2, nicolae_take_the_stairs
D:7:      corexii_shantytown, layout_basic, makhleb_blood_cavern_becter,
          uniq_menkaure
D:8:      layout_cave_pods, mainiacjoe_overflow_tiny_flanked,
          nicolae_gozag_seed_capital, david_lair_shrubbed,
          hellmonk_guarded_unrand_dark_maul, uniq_joseph

Skill      XL: |  1  2  3  4  5  6  7  8  9 10 |
---------------+-------------------------------+-----
Dodging        | 1 2 3 4 6 7 8 9 |  9.8
Fighting       | 4 5 6 7 8 9 |  9.0
Invocations    | 3 5 7 |  7.0
Axes           | |  2.0
Armour         | |  3.2
Shields        | |  4.0

Action                     |  1- 3 |  4- 6 |  7- 9 | 10-12 || total
---------------------------+-------+-------+-------+-------++-------
  Melee: War axe           |    74 |    60 |       |       ||   134
         Halberd           |       |    45 |   314 |    33 ||   392
 Invoke: Upheaval          |       |       |       |     1 ||     1
         Elemental Force   |       |       |       |     1 ||     1
  Evoke: Wand              |       |       |       |     1 ||     1
    Use: Scroll            |     5 |     8 |    12 |       ||    25
         Potion            |       |       |     3 |     3 ||     6
 Armour: Scale mail        |    27 |    55 |    99 |       ||   181
         Plate armour      |       |       |    92 |    13 ||   105
  Dodge: Dodged            |    45 |    66 |   262 |    18 ||   391
  Block: Buckler           |    19 |    36 |   265 |    30 ||   350
